 Dungeon Crawl Stone Soup version 0.29-a0-369-gd956c00756 (webtiles) character file.

Game seed: 11835890176276988429

28 Antichthon the Shield-Bearer (level 3, -1/23 HPs)
             Began as a Gargoyle Fighter on May 2, 2022.
             Slain by a goblin
             ... wielding a +0 dagger
             ... led by Robin
              (5 damage)
             ... on level 1 of the Dungeon.
             The game lasted 00:00:53 (1086 turns).

Antichthon the Shield-Bearer (Gargoyle Fighter)     Turns: 1086, Time: 00:00:54

Health: -1/23      AC: 14    Str: 19    XL:     3   Next: 12%
Magic:  3/3        EV:  5    Int: 10    God:
Gold:   19         SH:  4    Dex:  9    Spells: 2/2 levels left

rFire   . . .      SeeInvis .   a - +0 flail
rCold   . . .      Faith    .   c - +0 buckler
rNeg    + . .      Spirit   .   e - +0 plate armour
rPois   ∞          Reflect  .   (no helmet)
rElec   +          Harm     .   (no cloak)
rCorr   .          Rampage  .   (no gloves)
Will    .....                   (no boots)
Stlth   ..........              (no amulet)
HPRegen 0.07/turn               (no ring)
MPRegen 0.08/turn               (no ring)

@: no status effects
A: sickness immunity, AC +3, negative energy resistance 1, electricity
resistance, torment resistance 1, petrification resistance
a: no special abilities


You were on level 1 of the Dungeon.
You visited 1 branch of the dungeon, and saw 2 of its levels.

You collected 19 gold pieces.

Inventory:

Hand Weapons
 a - a +0 flail (weapon)
Armour
 b - a +0 scale mail
 c - a +0 buckler (worn)
 e - a +0 plate armour (worn)
Potions
 d - a potion of might
 g - a potion of cancellation
 i - a potion of invisibility


   Skills:
 * Level 3.6 Fighting
 * Level 2.2 Maces & Flails
 * Level 3.6 Armour
 * Level 0.2 Dodging
 * Level 3.6 Shields
 * Level 0.6 Invocations


You had 2 spell levels left.
You didn't know any spells.
Your spell library contained the following spells:

 Spells                   Type           Power      Damage    Failure   Level
 Fireball                 Conj/Fire      0%         3d3       100%        5
 Iskenderun's Battlesphe  Conj           0%         2d6       100%        5
 Conjure Ball Lightning   Conj/Air       0%         3x3d6     100%        6
 Orb of Destruction       Conj           0%         9d5       100%        7


Dungeon Overview and Level Annotations

Branches:
Dungeon (2/15)

Altars:

Annotations:
D:2 Jessica, Robin


Innate Abilities, Weirdness & Mutations

You are immune to sickness and miasma.
Your stone body is resilient. (AC +3)
You are immune to poison.
You resist negative energy. (rN+)
You are resistant to electric shocks. (rElec)
You are resistant to unholy torment.
You are immune to petrification.


Message History

There is a stone staircase leading down here.
Things that are here:
a +0 dagger; a +0 hunting sling; a goblin corpse You start resting.
HP restored.
You climb downwards.
Level annotation: Jessica, Robin The adder hisses angrily.
The goblin hits you but does no damage. x2; You block the goblin's attack.
The hobgoblin hits you but does no damage.
The goblin hits you but does no damage.
Robin roars a battlecry!
The goblins go into a battle-frenzy!
The hobgoblin barely misses you. The goblin hits you but does no damage.
The goblin hits you with a +0 dagger. The goblin hits you with a +0 club.
You block the goblin's attack.
There is a stone staircase leading up here.
The goblin hits you but does no damage. x4; You block the hobgoblin's attack.
You climb upwards.
There is a stone staircase leading down here.
Things that are here:
a +0 hunting sling; a +0 dagger; a goblin corpse Unknown command.
You hit the hobgoblin.
The hobgoblin is almost dead.
The goblin barely misses you. You block the goblin's attack.
The hobgoblin hits you. The goblin hits you with a +0 dagger.
The goblin closely misses you.
You barely miss the hobgoblin.
The hobgoblin is almost dead.
The goblin hits you but does no damage. You block the goblin's attack.
You block the hobgoblin's attack. You block the goblin's attack.
The goblin hits you but does no damage.
You closely miss the hobgoblin.
The hobgoblin is almost dead.
The goblin hits you with a +0 club. The goblin hits you with a +0 dagger.
* * * LOW HITPOINT WARNING * * *
The hobgoblin hits you but does no damage.
You block the goblin's attack. The goblin hits you with a +0 dagger.
You die...

########## #§§§.....# #§######.#
########### #§# #.# #..........
#§######.###.#####..## #####
#§##...........###[.## #...#
##.##g###.#..........##
#####...###....g@g..#.#)#†###..##
.##............gg####.#.#.###..##
...............#.# #.#..........
.##.......##.#...# #.##..###.###
#####...####.##### #.........# #
# #...# #.# ####.###### # # #####
##'## #.# # # ##...## #.# # ####
##.....## ###.# #


You could see a hobgoblin (strong) and 4 goblins.

Vanquished Creatures
  An adder (D:1)
  2 dart slugs (D:1)
  A bat (D:1)
  An endoplasm (D:1)
  A giant cockroach (D:1)
  4 goblins (D:1)
  A hobgoblin (D:1)
  2 kobolds (D:1)
  A rat (D:1)
14 creatures vanquished.

Vanquished Creatures (others)
  8 toadstools (D:2)
8 creatures vanquished.

Grand Total: 22 creatures vanquished

Notes
Turn   | Place    | Note
-------+----------+-------------------------------------------
     0 | D:1      | Antichthon the Gargoyle Fighter began the quest for the
                  | Orb.
     0 | D:1      | Reached XP level 1. HP: 14/14 MP: 1/1
    17 | D:1      | You fall into a shaft and drop 1 floor!
    17 | D:2      | Noticed Jessica
    43 | D:1      | Reached XP level 2. HP: 8/19 MP: 2/2
   941 | D:2      | Noticed Robin
   945 | D:1      | Reached XP level 3. HP: 22/23 MP: 3/3
  1086 | D:1      | Slain by a goblin

Illustrated notes

Levels and vault maps discovered:
D:1:      dpeg_arrival_arbitrary_c, layout_loops_corners,
          chequers_serial_rivers_micro_d
D:2:      cheibrodos_fertilizer, layout_rooms, uniq_jessica, uniq_robin

Action                   || total
-------------------------++-------
Melee: Flail             ||    41
  Use: Scroll            ||     3
Armor: Scale mail        ||    16
       Plate armour      ||    34
Dodge: Dodged            ||    27
Block: Buckler           ||    18

Table legend: (Time is in decaauts)
 A = Elapsed time spent in this place.
 B = Non-inter-level travel time spent in this place.
 C = Inter-level travel time spent in this place.
 D = Time resting spent in this place.
 E = Time spent auto-exploring this place.
 F = Levels seen in this place.
 G = Mean time per level.
                   A        B        C        D        E       F      G
               +--------+--------+--------+--------+--------+-----+--------+
         Total |   1102 |   1092 |     10 |    122 |    819 |   2 |  551.0 |
       Dungeon |   1102 |   1092 |     10 |    122 |    819 |   2 |  551.0 |
               +--------+--------+--------+--------+--------+-----+--------+

Top non-repeatable levels by time:
     D:1: 1086 daAuts
     D:2: 15 daAuts
